 Dungeon Crawl Stone Soup version 0.18-a0-1718-g40ea4b6 (webtiles) character file.

60 Monstrous the Skirmisher (level 3, 0/32 HPs)
             Began as a Demonspawn Wanderer on Apr 8, 2016.
             Slain by an adder (4 damage)
             ... on level 2 of the Dungeon.
             The game lasted 00:03:12 (1405 turns).

Monstrous the Skirmisher (Demonspawn Wanderer)      Turns: 1405, Time: 00:03:13

Health: 0/32       AC:  2    Str: 12    XL:     3   Next: 80%
Magic:  3/3        EV: 11    Int: 12    God:
Gold:   49         SH:  0    Dex: 14    Spells: 0 memorised, 2 levels left

rFire  . . .     SeeInvis .     g - +1 short sword (venom)
rCold  . . .     Gourm    .     d - +0 robe
rNeg   . . .     Faith    .     (no shield)
rPois  .         Spirit   .     (no helmet)
rElec  .         Dismiss  .     (no cloak)
rCorr  .         Reflect  .     (no gloves)
SustAt .         Harm     .     (no boots)
MR     .....                    (no amulet)
Stlth  +.........               (no ring)
                                (no ring)

@: lethally poisoned (0 -> -8), not resistant to hostile enchantments, very
unstealthy
A: hooves 1
a: no special abilities


You were on level 2 of the Dungeon.
You were not hungry.

You visited 1 branch of the dungeon, and saw 2 of its levels.

You collected 49 gold pieces.

Inventory:

Hand Weapons
 a - a +2 spear
 g - a +1 short sword of venom (weapon)
Armour
 d - a +0 robe (worn)
Scrolls
 c - 3 scrolls of teleportation
 f - a scroll of enchant armour {unknown}
 h - 2 scrolls of identify {unknown}
 j - 4 scrolls of recharging {unknown}
 l - a scroll of magic mapping {unknown}
 m - a scroll of amnesia {unknown}
 o - a scroll of fog {unknown}
 q - a scroll of remove curse {unknown}
Potions
 e - a potion of haste
 p - a potion of cure mutation {unknown}
 r - 2 potions of degeneration {unknown}
 s - a potion of agility {unknown}
Books
 b - Sif Muna's Catalogue of the Frostbite

   Spells                             Type                      Level
   a - Throw Frost                    Conjuration/Ice              2
   b - Ensorcelled Hibernation        Hexes/Ice                    2
Comestibles
 i - 2 meat rations
 k - a beef jerky
 n - a royal jelly


   Skills:
 + Level 4.8 Fighting
 - Level 1.7 Polearms
   Level 1.0 Shields
   Level 2.1 Necromancy
   Level 1.0 Earth Magic
   Level 1.0 Evocations


You had 2 spell levels left.
You didn't know any spells.

Dungeon Overview and Level Annotations

Branches:
Dungeon (2/15)

Altars:

Annotations:
D:2 Ijyb


Innate Abilities, Weirdness & Mutations

You have large cloven feet.


Message History

The adder poisons you!
You feel sick. The adder bites you but does no damage.
There is an open door here.
You feel sick.
You feel sick. The adder bites you.
* * * LOW HITPOINT WARNING * * *
You feel sick.
You feel sick. The adder bites you.
* * * LOW HITPOINT WARNING * * *
You are lethally poisoned!
The adder poisons you!
* * * LOW HITPOINT WARNING * * *
You feel sick.
You see here a dagger.
You barely miss the adder. Your kick misses the adder.
The adder is almost dead.
* * * LOW HITPOINT WARNING * * *
You feel sick. The adder bites you.
You die...

####....#
#.....
#.......#
#.....
#.##....#
######
#.##....#
#.##....#
#.##....#
#.##....#
#.##....#
#@##....#
#####S#
#.....#
#....g#
#.....#
#.....####
#........#
####.....#
#.....#


You could see Ijyb and an adder.

Vanquished Creatures
  An ooze (D:1)
  A worm (D:2)
  A dart slug (D:1)
  4 giant geckos
  A ball python (D:1)
  2 giant cockroaches
  7 goblins
  5 hobgoblins
  2 jackals (D:1)
  6 kobolds
  3 bats
  3 giant newts
  10 rats
46 creatures vanquished.

Notes
Turn   | Place    | Note
--------------------------------------------------------------
     0 | D:1      | Monstrous the Demonspawn Wanderer began the quest for the Orb.
     0 | D:1      | Monstrous set off with: a +2 spear, Sif Muna's Catalogue of the Frostbite, a scroll of teleportation, a +0 robe, a bread ration
     0 | D:1      | Reached XP level 1. HP: 18/18 MP: 1/1
     0 | D:1      | Identified Sif Muna's Catalogue of the Frostbite
   105 | D:1      | Gained mutation: You have large cloven feet. [demonic ancestry]
   105 | D:1      | Reached XP level 2. HP: 24/24 MP: 2/2
   167 | D:1      | Reached skill level 4 in Fighting
   463 | D:1      | Reached XP level 3. HP: 28/30 MP: 3/3
   787 | D:1      | HP: 1/31 [poisoned by a kobold]
  1386 | D:2      | Noticed Ijyb
  1405 | D:2      | Slain by an adder

Vault maps used:
D:1:      shiori_arrival_maze
D:2:      first_bread, minmay_misc_feat_diagonals, uniq_iyjb

Skill      XL: |  1  2 |
---------------+-------+-----
Fighting       | 4 |  4.8
Polearms       | |  1.7
Shields        | |  1.0
Necromancy     | |  2.1
Earth Magic    | |  1.0
Evocations     | |  1.0

Action                   || total
-------------------------++-------
Melee: Spear             ||    82
       Short sword       ||    38
  Use: Potion            ||     2
 Stab: Sleeping          ||     2
  Eat: Bread ration      ||     1
